 Dungeon Crawl Stone Soup version 0.27.0-1-g7a089689b8 (webtiles) character file.

Game seed: 13453754830371241696

4482 wakim the Protected (level 10, -3/87 (88) HPs)
             Began as a Minotaur Fighter on Aug 3, 2021.
             Was a Believer of Okawaru.
             Slain by Harold (9 damage)
             ... on level 9 of the Dungeon.
             The game lasted 00:31:39 (12553 turns).

wakim the Protected (Minotaur Fighter)             Turns: 12553, Time: 00:31:40

HP:   -3/87 (88)    AC: 13    Str: 23    XL:     10   Next: 16%
MP:   10/10         EV: 12    Int:  6    God:    Okawaru [**....]
Gold: 341           SH: 12    Dex: 16    Spells: 9/9 levels left

rFire    . . .     SeeInvis .   a - +5 morningstar
rCold    . . .     Faith    .   c - +0 kite shield
rNeg     . . .     Spirit   .   s - +0 chain mail
rPois    .         Reflect  .   x - +0 hat
rElec    .         Harm     .   (no cloak)
rCorr    .         Rampage  .   (no gloves)
Will     .....                  z - +0 pair of boots
Stlth    ..........             y - amulet of magic regeneration
HPRegen  0.24/turn              j - +6 ring of dexterity
MPRegen  0.37/turn              q - +4 ring of evasion

@: marked, lightly drained
A: horns 2, retaliatory headbutt
a: Renounce Religion, Heroism


You were on level 9 of the Dungeon.
You worshipped Okawaru.
Okawaru was pleased with you.
You visited 2 branches of the dungeon, and saw 10 of its levels.
You also visited: Sewer.

You collected 421 gold pieces.
You spent 80 gold pieces at shops.

Inventory:

Hand Weapons
 a - a +5 morningstar (weapon)
Missiles
 d - 16 boomerangs
 n - 22 poisoned darts (quivered)
 p - 2 throwing nets {=f!f}
 t - 4 javelins
Armour
 c - a +0 kite shield (worn)
 s - a +0 chain mail (worn)
 x - a +0 hat (worn)
 z - a +0 pair of boots (worn)
Jewellery
 j - a +6 ring of dexterity (left hand)
 q - a +4 ring of evasion (right hand)
 y - an amulet of magic regeneration (around neck)
Wands
 u - a wand of mindburst (6)
 v - a wand of flame (16)
Scrolls
 k - 4 scrolls of enchant weapon
 r - 2 scrolls of identify
 R - a scroll of magic mapping {!r}
 U - a scroll of fear
 W - a scroll of holy word
 X - 2 scrolls of fog
Potions
 e - a potion of invisibility {unknown}
 f - 2 potions of attraction {unknown}
 g - 2 potions of degeneration {unknown}
 h - 2 potions of haste {unknown}
 i - a potion of resistance {unknown}
 l - a potion of brilliance {unknown}
 m - a potion of ambrosia {unknown}
 F - a potion of curing
 G - 3 potions of flight
 K - 2 potions of magic
 M - 2 potions of mutation {!q}
 N - a potion of might


   Skills:
 + Level 7.8 Fighting
 * Level 10.0 Maces & Flails
 + Level 0.8 Throwing
 * Level 10.3 Armour
 + Level 2.5 Dodging
 * Level 8.4 Shields
 + Level 2.3 Invocations
 + Level 0.7 Evocations


You had 9 spell levels left.
You didn't know any spells.
Your spell library contained the following spells:

 Spells                   Type           Power      Damage    Failure   Level
 Dazzling Flash           Conj/Hex       0%         N/A       100%        3
 Iskenderun's Mystic Bla  Conj/Tloc      0%         2d3       100%        4
 Starburst                Conj/Fire      0%         8x6d3     100%        6


Dungeon Overview and Level Annotations

Branches:
Dungeon (9/15)             Temple (1/1) D:6            Lair (0/6) D:9
  Sewer (visited)
    Orc: D:9-12

Altars:
Ashenzari
Cheibriados
Dithmenos
Elyvilon
Fedhas
Gozag
Hepliaklqana
Kikubaaqudgha
Makhleb
Nemelex Xobeh
Okawaru
Qazlal
Ru
Sif Muna
Trog
Uskayaw
Vehumet
Wu Jian
Yredelemnul
Zin
The Shining One
Beogh

Shops:
D:4 *   D:8 *

Annotations:
D:8 3 runed translucent doors, Suckerboh's ghost, novice DECj
D:9 Harold


Innate Abilities, Weirdness & Mutations

You have a pair of horns on your head.
You reflexively headbutt those who attack you in melee.


Message History

The white ugly thing is moderately wounded.
A yak comes into view.
The white ugly thing gores you. The white ugly thing freezes you!!
* * * LOW HITPOINT WARNING * * *
Okay, then.
As you read the scroll of teleportation, it crumbles to dust.
You feel strangely unstable. The white ugly thing barely misses you.
A yak comes into view.
Your surroundings suddenly seem different.
Harold the Weathered comes into view.
He is wielding a +0 mace.
Harold shouts!
You feel better.
Harold throws a throwing net.
The throwing net hits you.
You become entangled in the net!
You struggle against the net.
Harold fires a harpoon shot at you.
The harpoon shot hits you but does no damage.
You struggle against the net.
You shred the net and break free! You hit Harold.
Harold is lightly wounded.
Harold points at you and mumbles some strange words.
A sentinel's mark forms upon you.
You sock Harold! You headbutt Harold!
Harold is heavily wounded.
Harold gestures at you while chanting. The mark upon you grows brighter.
You hit Harold. You headbutt Harold!
Harold is severely wounded.
Harold hits you but does no damage.
You hit Harold. You headbutt Harold!
Harold is almost dead.
You block Harold's attack.
You hit Harold. You headbutt Harold.
Harold is almost dead.
Harold hits you but does no damage. Harold hits you with a +0 mace!
* * * LOW HITPOINT WARNING * * *
You barely miss Harold.
Harold is almost dead.
Harold hits you with a +0 mace!
You die...

#########
##
........#
#.
........#
#.
.......@#
#.
.......@#
#.
........#
#.
........#
#.######.
#.#####.#
#........
# #.#
#.#####.#
#.# #.#
#.# #.#
#.#


You could see Harold.

Vanquished Creatures
  A troll (D:6)
  A spriggan (D:7)
  3 yaks (D:8)
  2 wyverns
  2 steam dragons (D:8)
  2 water moccasins
  2 ice beasts (D:7)
  A black bear (D:6)
  2 ogres
  2 necrophages
  4 centaurs
  2 bullfrogs (D:7)
  A kobold brigand (D:6)
  A scorpion (D:7)
  9 wights
  5 howler monkeys
  3 centaur zombies
  A hound (D:4)
  A gnoll shaman (D:7)
  An orc priest (D:7)
  A centaur skeleton (D:5)
  Jessica (D:2)
  2 bullfrog skeletons
  4 iguanas
  2 orc wizards
  2 killer bee zombies
  A hound skeleton (D:5)
  A howler monkey zombie (D:6)
  8 gnolls
  13 adders
  A river rat (D:3)
  An ufetubus (D:7)
  An adder skeleton (D:4)
  2 worms
  8 dart slugs
  21 orcs
  8 ball pythons
  2 bats
  5 endoplasms
  2 giant cockroaches
  13 goblins
  10 hobgoblins
  21 jackals
  16 kobolds
  3 quokkas
  10 frilled lizards
  10 rats
215 creatures vanquished.

Vanquished Creatures (others)
  5 fungi (D:9)
  25 plants
30 creatures vanquished.

Grand Total: 245 creatures vanquished

Notes
Turn   | Place    | Note
-------+----------+-------------------------------------------
     0 | D:1      | wakim the Minotaur Fighter began the quest for the Orb.
     0 | D:1      | Reached XP level 1. HP: 19/19 MP: 0/0
   107 | D:1      | Reached XP level 2. HP: 23/27 MP: 1/1
   772 | D:1      | Reached XP level 3. HP: 28/33 MP: 2/2
  1077 | D:2      | Found a glowing silver altar of Zin.
  1220 | D:2      | Noticed Jessica
  1239 | D:2      | Killed Jessica
  1240 | D:2      | Reached XP level 4. HP: 27/40 MP: 3/3
  2150 | D:3      | Found a faded altar of an unknown god.
  2333 | D:3      | Found a glowing drain.
  2340 | D:3      | Reached skill level 5 in Armour
  2340 | D:3      | Reached XP level 5. HP: 45/46 MP: 4/4
  2345 | Sewer    | Entered a sewer
  4414 | D:4      | Reached XP level 6. HP: 43/53 MP: 5/5
  4843 | D:4      | Noticed a wyvern
  4855 | D:4      | Killed a wyvern
  4856 | D:4      | Reached skill level 5 in Fighting
  4856 | D:4      | Reached skill level 5 in Maces & Flails
  4856 | D:4      | Reached skill level 5 in Shields
  5251 | D:4      | Found an opulent altar of Gozag.
  5256 | D:4      | Found Gozag's Platinum Reserve.
  5625 | D:5      | Entered Level 5 of the Dungeon
  5743 | D:5      | Reached XP level 7. HP: 41/61 MP: 6/6
  6744 | D:5      | Found a broken altar of Ashenzari.
  7606 | D:6      | Noticed a troll
  7621 | D:6      | Reached XP level 8. HP: 69/70 MP: 7/7
  7628 | D:6      | Killed a troll
  8187 | D:6      | Found a staircase to the Ecumenical Temple.
  8196 | Temple   | Entered the Ecumenical Temple
  9836 | D:7      | Found a large runed translucent door.
  9837 | D:7      | Found a large runed translucent door.
  9921 | D:7      | Reached XP level 9. HP: 78/78 MP: 8/8
 10472 | D:7      | Found an ancient bone altar of Kikubaaqudgha.
 10479 | D:7      | Found an iron altar of Okawaru.
 10501 | D:7      | Became a worshipper of Warmaster Okawaru
 10741 | D:8      | Reached skill level 1 in Dodging
 10741 | D:8      | Reached skill level 1 in Invocations
 10927 | D:8      | Reached * piety under Okawaru
 11029 | D:8      | Reached skill level 10 in Armour
 11225 | D:8      | Found Zeothies's CLEARANCE SALE! EVERYTHING MUST GO!.
 11234 | D:8      | Bought a scroll of identify for 4 gold pieces
 11234 | D:8      | Bought a +4 ring of evasion for 72 gold pieces
 11234 | D:8      | Bought a scroll of identify for 4 gold pieces
 11427 | D:8      | Found a runed translucent gate.
 11427 | D:8      | Noticed Suckerboh's ghost (novice DECj)
 11428 | D:8      | Found a runed translucent gate.
 11428 | D:8      | Found a runed translucent gate.
 11428 | D:8      | Identified the +7 chain mail "Cainnot" {-Tele rElec Will++}
 11705 | D:8      | Found a shadowy altar of Dithmenos.
 11915 | D:8      | Identified the +1 hunting sling "Puusuhuu" {speed, rPois
                  | rF- rC+ Str+10}
 12211 | D:9      | Identified the +0 leather armour of Noughts and Crosses
                  | {Str+7 Slay-6 SInv}
 12235 | D:9      | Found a staircase to the Lair.
 12292 | D:9      | Reached XP level 10. HP: 79/88 MP: 10/10
 12396 | D:9      | Reached ** piety under Okawaru
 12487 | D:9      | Reached skill level 10 in Maces & Flails
 12533 | D:9      | Noticed a white ugly thing
 12543 | D:9      | Noticed Harold
 12553 | D:9      | Slain by Harold

Illustrated notes

Levels and vault maps discovered:
D:1:      eino_arrival_cavern_c, layout_basic, serial_forest,
          infiniplex_forest_join, infiniplex_forest_end_2,
          infiniplex_forest_lined_2, infiniplex_forest_clump_small,
          infiniplex_forest_clump_long, hangedman_decor_points
D:2:      layout_basic, basic_altar, uniq_jessica
D:3:      layout_basic, shapermc_ecumenical_altar_mp_highgroup,
          portal_sewer_entry_e
D:4:      layout_basic, nicolae_gozag_zags_fifth_avenue, minmay_unequal
D:5:      layout_basic, kennysheep_mini, eino_small_chamber_without_monster,
          moated_statue
D:6:      nicolae_whirlpool, layout_basic, minmay_temple_entry_poolview
D:7:      layout_loops_ring, jmf_multi_god_temple2, the_hattery
D:8:      layout_loops_ring, kennysheep_little_box, biasface_ghost_orc_armoury,
          kennysheep_cross_room, nicolae_shop_clearance
D:9:      layout_small_grid, kb_xom_exploding_sheep, dpeg_oklobed_lair,
          uniq_harold
Temple:   nicolae_temple_x_marks_the_god

Skill      XL: |  1  2  3  4  5  6  7  8  9 10 |
---------------+-------------------------------+-----
Maces & Flails | 3 4 5 6 8 9 10 | 10.0
Armour         | 4 5 6 7 9 10 | 10.3
Shields        | 4 5 6 8 |  8.4
Fighting       | 4 5 6 7 |  7.8
Dodging        | 2 |  2.5
Invocations    | 2 |  2.3
Throwing       | |  0.8
Evocations     | |  0.7

Action                   |  1- 3 |  4- 6 |  7- 9 | 10-12 || total
-------------------------+-------+-------+-------+-------++-------
Melee: Flail             |    63 |   250 |   285 |    19 ||   617
       Headbutt          |     8 |    40 |    75 |    17 ||   140
       Unarmed           |       |       |     3 |       ||     3
       Morningstar       |       |       |       |    25 ||    25
Throw: Boomerang         |     1 |       |     3 |       ||     4
       Dart              |       |       |    13 |       ||    13
  Use: Scroll            |     1 |     7 |     8 |     1 ||    17
       Potion            |       |       |       |     1 ||     1
Armor: Scale mail        |    31 |   115 |    59 |       ||   205
       Chain mail        |       |       |    41 |    22 ||    63
       Skin              |       |       |     1 |       ||     1
Dodge: Dodged            |    12 |   120 |   124 |    32 ||   288
Block: Kite shield       |       |       |    47 |    31 ||    78
